 Dungeon Crawl Stone Soup version 0.19.1 (webtiles) character file.

45512 nikopol the Cleaver (level 14, -4/135 HPs)
             Began as a Gargoyle Berserker on Dec 18, 2016.
             Was a High Priest of Trog.
             Slain by an enormous slime creature (55 damage)
             ... on level 10 of the Dungeon.
             The game lasted 00:58:32 (17208 turns).

nikopol the Cleaver (Gargoyle Berserker)           Turns: 17208, Time: 00:58:32

Health: -4/135     AC: 32    Str: 32    XL:     14   Next: 33%
Magic:  0/4        EV: 13    Int:  8    God:    Trog [*****.]
Gold:   1156       SH:  0    Dex: 13    Spells: 0 memorised, 13 levels left

rFire  + . .     SeeInvis .     a - +5 broad axe (antimagic)
rCold  + . .     Gourm    .     b - +2 plate armour of Homohel {Regen+ Str+2}
rNeg   + + .     Faith    .     (no shield)
rPois  ∞         Spirit   +     I - -2 hat of the Alchemist {rElec rPois rF+ rC+ rN+ MR+ rMut rCorr}
rElec  +         Reflect  .     O - +2 cloak
rCorr  +         Harm     .     K - +0 pair of gloves
rMut   +                        q - +1 pair of boots
MR     ++...                    U - amulet of guardian spirit
Stlth  ..........               p - +2 ring of slaying
                                Y - +3 ring of strength

@: berserking (expiring), very quick
A: big wings, negative energy resistance 1, electricity resistance, unbreathing,
petrification resistance, rot immunity, AC +9
a: Fly, Berserk, Trog's Hand, Brothers in Arms, Burn Spellbooks, Renounce
Religion


You were on level 10 of the Dungeon.
You worshipped Trog.
Trog was extremely pleased with you.
You were very hungry.

You visited 2 branches of the dungeon, and saw 16 of its levels.
You also visited: Labyrinth, Sewer and Ossuary.

You collected 1156 gold pieces.

Inventory:

Hand Weapons
 a - a +5 antimagic broad axe (weapon)
 j - a +3 antimagic battleaxe
 z - a +1 longbow of flaming
 C - a +1 shortbow
Missiles
 H - 146 arrows (quivered)
Armour
 b - the +2 plate armour of Homohel (worn) {Regen+ Str+2}
   (You found it in a labyrinth)

   It affects your strength (+2).
   It increases your rate of regeneration.
 q - a +1 pair of boots (worn)
 I - the -2 hat of the Alchemist (worn) {rElec rPois rF+ rC+ rN+ MR+ rMut rCorr}
   (You found it in a labyrinth)

   It protects you from fire.
   It protects you from cold.
   It insulates you from electricity.
   It protects you from poison.
   It protects you from negative energy.
   It affects your resistance to hostile enchantments.
   It protects you from acid and corrosion.
   It protects you from mutation.
 J - a +0 helmet of see invisible
 K - a +0 pair of gloves (worn)
 O - a +2 cloak (worn)
Jewellery
 p - a +2 ring of slaying (right hand)
 P - an uncursed ring of protection from fire
 U - an amulet of guardian spirit (around neck)
 W - a +2 ring of evasion
 Y - a +3 ring of strength (left hand)
Wands
 f - a wand of polymorph (12/24)
 R - a wand of digging (14/24)
Scrolls
 d - 5 scrolls of blinking
 e - 8 scrolls of remove curse
 g - 8 scrolls of identify
 h - a scroll of immolation {unknown}
 k - 5 scrolls of teleportation
 u - 3 scrolls of magic mapping
 y - a scroll of fog
 F - 3 scrolls of fear
 L - a scroll of enchant armour
Potions
 l - 4 potions of flight
 m - 5 potions of heal wounds
 n - 2 potions of resistance
 t - 9 potions of curing
 v - a potion of cancellation
 x - 4 potions of might
 A - a potion of cure mutation
 Q - a potion of agility
 X - 2 potions of haste
Comestibles
 c - 7 bread rations
 i - 12 meat rations
 o - 2 chunks of flesh
 w - 8 beef jerkies
 D - 10 royal jellies
 E - 11 fruits
 G - a slice of pizza


   Skills:
 + Level 11.1 Fighting
 * Level 12.4 Axes
 * Level 12.1 Bows
 + Level 10.8 Armour
 + Level 8.5 Dodging


You had 13 spell levels left.
You didn't know any spells.

Dungeon Overview and Level Annotations

Branches:
Dungeon (10/15)            Temple (0/1) D:5            Lair (6/6) D:8
  Swamp (0/4) Lair:4       Spider (0/4) Lair:3        Slime (0/5) Lair:5
    Orc: D:9-12

Altars:
Ashenzari
Cheibriados
Elyvilon
Fedhas
Gozag
Kikubaaqudgha
Nemelex Xobeh
Okawaru
Ru
Trog
Vehumet
Xom
Yredelemnul
Zin
The Shining One


Innate Abilities, Weirdness & Mutations

You are resistant to torment.
Your stone body is resilient. (AC +9)
You are immune to poison.
Your large and strong wings let you fly indefinitely.
You resist negative energy. (rN+)
You are resistant to electric shocks. (rElec)
You can survive without breathing.
You are immune to petrification.
You are immune to rotting.


Message History

The enormous slime creature is heavily wounded.
The enormous slime creature hits you but does no damage.
A red film seems to cover your vision as you go berserk!
You feel yourself moving faster!
You feel mighty!
You are feeling very hungry.
The enormous slime creature hits you!!
Your plate armour of Homohel prevents you from hitting the enormous slime creature.
The enormous slime creature is heavily wounded.
You slice the enormous slime creature!!
The enormous slime creature is severely wounded.
The enormous slime creature misses you.
You hit the enormous slime creature.
The enormous slime creature is severely wounded.
The enormous slime creature closely misses you.
You hit the enormous slime creature.
The enormous slime creature is severely wounded.
You slice the enormous slime creature!!
The enormous slime creature is almost dead.
The enormous slime creature hits you!!!
You die...

#.# #.######.#
#.###.#......#
########.)...#.###..#
..........[...>.....#
#######.######.####.#
#.# #.#....# #.#
#)#.#### #.# #.#.##
#@# #.#..# #J# #.##.#


oC. #....# .oo.. ###### ....... ......... #.........# #.........# You could see
an enormous slime creature, a hill giant, an orc warrior and 2 orcs.

Vanquished Creatures
  Nessos (Lair:4)
  A minotaur (Lab)
  A fire dragon (Lair:6)
  3 hydras
  A catoblepas (Lair:1)
  16 death yaks
  Erica (D:9)
  Urug (Lair:5)
  The ghost of nikopol the Fighter, a novice GrBe of Trog (D:9)
  5 elephants
  Maurice (D:8)
  A black mamba (Lair:2)
  9 spiny frogs
  4 rime drakes
  The ghost of nikopol the Skirmisher, a novice GrBe of Trog (D:5)
  7 komodo dragons
  A troll (D:9)
  Prince Ribbit (D:9)
  A jumping spider (Lair:3)
  A polar bear (Lair:1)
  A hornet (D:9)
  5 dream sheep (Lair:6)
  7 hippogriffs
  11 blink frogs
  A redback (Lair:3)
  2 wyverns (Lair:4)
  37 yaks
  2 basilisks (Lair:6)
  Menkaure (Ossuary)
  2 mottled dragons (Lair:6)
  Duvessa (D:7)
  2 soldier ants (D:9)
  2 swamp drakes (Lair:6)
  12 water moccasins
  11 porcupines
  An orc warrior (D:6)
  2 black bears
  5 ogres
  3 ice beasts
  8 wolves
  3 centaurs
  A necrophage (D:9)
  15 crocodiles
  2 big kobolds
  12 bullfrogs
  Dowan (D:7)
  2 scorpions
  A water moccasin skeleton (D:6)
  A bullfrog zombie (D:7)
  2 howler monkeys (D:9)
  4 crimson imps
  2 quasits
  A gnoll shaman (D:9)
  9 jellies
  Crazy Yiuf (D:7)
  3 orc priests
  3 bullfrog skeletons
  5 hounds
  A centaur skeleton (D:9)
  Terence (D:3)
  Jessica (D:3)
  6 iguanas
  9 orc wizards
  5 worker ants
  A big kobold zombie (Ossuary)
  5 ogre zombies (Ossuary)
  2 hound zombies (D:5)
  6 mummies (Ossuary)
  A worker ant zombie (D:6)
  11 gnolls
  A howler monkey skeleton (D:3)
  7 adders
  3 shadow imps
  2 oozes (Lair:5)
  An adder skeleton (D:6)
  2 adder zombies (Ossuary)
  2 worms
  2 dart slugs
  13 leopard geckos
  26 orcs
  3 ball pythons
  6 bats
  6 giant cockroaches
  A gnoll zombie (Ossuary)
  17 goblins
  9 hobgoblins
  11 jackals
  13 kobolds
  6 quokkas
  18 frilled lizards
  6 goblin zombies (Ossuary)
  8 hobgoblin zombies (Ossuary)
  A jackal skeleton (D:6)
  2 kobold zombies (Ossuary)
  A leopard gecko skeleton (D:4)
  A quokka zombie (D:6)
  16 rats
  5 rat zombies (Ossuary)
  7 fungi
  3 plants
490 creatures vanquished.

Vanquished Creatures (others)
  9 fungi
  6 plants
15 creatures vanquished.

Grand Total: 505 creatures vanquished

Notes
Turn   | Place    | Note
-------+----------+-------------------------------------------
     0 | D:1      | nikopol the Gargoyle Berserker began the quest for the Orb.
     0 | D:1      | Reached XP level 1. HP: 14/14 MP: 1/1
   104 | D:1      | Reached XP level 2. HP: 16/19 MP: 2/2
   426 | D:1      | Reached XP level 3. HP: 23/24 MP: 3/3
   507 | D:1      | Reached ** piety under Trog
  1307 | D:2      | Reached XP level 4. HP: 29/29 MP: 4/4
  1523 | D:3      | Noticed Terence
  1533 | D:3      | Killed Terence
  1641 | D:3      | Reached XP level 5. HP: 14/34 MP: 5/5
  2004 | D:3      | Reached *** piety under Trog
  2064 | D:3      | Noticed Jessica
  2073 | D:3      | Killed Jessica
  2073 | D:3      | Reached XP level 6. HP: 36/40 MP: 6/6
  2106 | D:3      | Found a glowing drain.
  2124 | Sewer    | Entered a sewer
  2707 | D:3      | Found a sparkling altar of Nemelex Xobeh.
  3121 | D:4      | Reached skill level 5 in Fighting
  3312 | D:4      | Reached XP level 7. HP: 38/44 MP: 7/7
  3333 | D:4      | Reached **** piety under Trog
  3603 | D:4      | Found an ancient bone altar of Kikubaaqudgha.
  3668 | D:4      | Found a white marble altar of Elyvilon.
  3668 | D:4      | Found a glowing silver altar of Zin.
  3668 | D:4      | Found a glowing golden altar of the Shining One.
  3875 | D:5      | Entered Level 5 of the Dungeon
  3945 | D:5      | Noticed nikopol's ghost (novice GrBe)
  3965 | D:5      | Killed nikopol's ghost
  3965 | D:5      | Reached skill level 5 in Armour
  4054 | D:5      | Reached XP level 8. HP: 41/51 MP: 8/8
  4379 | D:5      | Reached skill level 5 in Axes
  4426 | D:5      | Found a staircase to the Ecumenical Temple.
  4732 | D:5      | Reached skill level 1 in Bows
  4992 | D:6      | Found a sand-covered staircase.
  5034 | Ossuary  | Entered an ossuary
  5257 | Ossuary  | Reached ***** piety under Trog
  5478 | Ossuary  | Noticed Menkaure
  5486 | Ossuary  | Killed Menkaure
  5486 | Ossuary  | Reached XP level 9. HP: 56/56 MP: 9/9
  5867 | D:6      | Received a gift from Trog
  6029 | D:6      | Found a sacrificial altar of Ru.
  6493 | D:6      | Found a shattered altar of Ashenzari.
  6588 | D:6      | Found an iron altar of Okawaru.
  6603 | D:6      | Noticed a moth of wrath
  6606 | D:6      | Found a bloodstained altar of Trog.
  6873 | D:6      | Found a basalt altar of Yredelemnul.
  6873 | D:6      | Found an opulent altar of Gozag.
  6924 | D:6      | Found a blossoming altar of Fedhas.
  7005 | D:7      | Reached skill level 5 in Dodging
  7664 | D:7      | Received a gift from Trog
  7840 | D:7      | Noticed Duvessa
  7840 | D:7      | Noticed Dowan
  7846 | D:7      | Killed Duvessa
  7846 | D:7      | Reached skill level 5 in Bows
  7848 | D:7      | Killed Dowan
  7858 | D:7      | Found a runed door.
  7862 | D:7      | Noticed Crazy Yiuf
  7865 | D:7      | Killed Crazy Yiuf
  7938 | D:8      | Noticed Maurice
  7955 | D:8      | Killed Maurice
  7955 | D:8      | Reached ****** piety under Trog
  7955 | D:8      | Reached XP level 10. HP: 61/63 MP: 3/10
  7996 | D:8      | Noticed an elephant
  8012 | D:8      | Killed an elephant
  8076 | D:8      | Found a staircase to the Lair.
  8187 | D:8      | Found a snail-covered altar of Cheibriados.
  8602 | D:9      | Noticed nikopol's ghost (novice GrBe)
  8619 | D:9      | Killed nikopol's ghost
  8689 | D:9      | Found a radiant altar of Vehumet.
  8728 | D:9      | Noticed Erica
  8746 | D:9      | Killed Erica
  9063 | D:9      | Reached XP level 11. HP: 68/68 MP: 3/11
  9151 | D:9      | Received a gift from Trog
  9482 | D:9      | Noticed Prince Ribbit
  9493 | D:9      | Killed Prince Ribbit
  9644 | D:9      | Found a shimmering altar of Xom.
  9723 | Lair:1   | Entered Level 1 of the Lair of Beasts
  9788 | Lair:1   | Found a labyrinth entrance.
  9799 | Lab      | Entered a labyrinth
  9990 | Lab      | Noticed a minotaur
 10002 | Lab      | Killed a minotaur
 10269 | Lab      | Got a fine plate armour
 10911 | Lair:1   | Received a gift from Trog
 10988 | Lair:1   | Identified the +2 plate armour of Homohel {Regen+ Str+2} (You found it in a labyrinth)
 11117 | Lair:1   | Noticed a catoblepas
 11143 | Lair:1   | Killed a catoblepas
 12467 | Lair:3   | Found a hole to the Spider Nest.
 12501 | Lair:3   | Reached XP level 12. HP: 76/76 MP: 4/12
 12757 | Lair:3   | Reached skill level 10 in Axes
 13282 | Lair:4   | Noticed Nessos
 13437 | Lair:4   | Killed Nessos
 13779 | Lair:4   | Found a staircase to the Swamp.
 14498 | Lair:5   | Noticed Urug
 14505 | Lair:5   | Received a gift from Trog
 14556 | Lair:5   | Killed Urug
 14662 | Lair:5   | Noticed an eight-headed hydra
 14672 | Lair:5   | Killed an eight-headed hydra
 14672 | Lair:5   | Reached skill level 10 in Bows
 14751 | Lair:5   | Noticed a death yak
 14752 | Lair:5   | Noticed a death yak
 14767 | Lair:5   | Killed a death yak
 14768 | Lair:5   | Killed a death yak
 14771 | Lair:5   | Reached skill level 10 in Fighting
 14829 | Lair:5   | Noticed a death yak
 14840 | Lair:5   | Killed a death yak
 14840 | Lair:5   | Reached XP level 13. HP: 78/82 MP: 4/13
 14990 | Lair:5   | Found a staircase to the Slime Pits.
 15115 | Lair:5   | Reached skill level 10 in Armour
 15128 | Lair:5   | Received a gift from Trog
 15505 | Lair:6   | Entered Level 6 of the Lair of Beasts
 15847 | Lair:6   | Noticed a fire dragon
 15869 | Lair:6   | Killed a fire dragon
 16183 | Lair:6   | Gained mutation: Your large and strong wings let you fly indefinitely. [Gargoyle growth]
 16183 | Lair:6   | Reached XP level 14. HP: 58/88 MP: 4/14
 16195 | Lair:6   | Received a gift from Trog
 17090 | D:10     | Entered Level 10 of the Dungeon
 17208 | D:10     | Slain by an enormous slime creature

Skill      XL: |  1  2  3  4  5  6  7  8  9 10 11 12 13 14 |
---------------+-------------------------------------------+-----
Axes           | 3 4 5 7 8 9 10 12 | 12.4
Dodging        | 2 3 4 5 6 7 8 |  8.5
Fighting       | 4 5 6 7 8 9 10 11 | 11.1
Armour         | 3 4 5 6 7 8 9 10 | 10.8
Bows           | 3 5 7 8 10 11 12 | 12.1

Action                   |  1- 3 |  4- 6 |  7- 9 | 10-12 | 13-15 || total
-------------------------+-------+-------+-------+-------+-------++-------
Melee: Hand axe          |   105 |   287 |   512 |       |       ||   904
       Broad axe         |       |       |    17 |   344 |   280 ||   641
 Fire: Shortbow          |       |       |   124 |   283 |       ||   407
       Longbow           |       |       |       |    54 |   143 ||   197
Invok: Berserk           |       |     1 |     5 |     3 |     3 ||    12
       Burn Spellbooks   |       |       |       |     5 |     1 ||     6
  Use: Scroll            |       |       |     1 |    23 |     3 ||    27
 Stab: Sleeping          |     1 |       |       |       |       ||     1
  Eat: Chunk             |     1 |     9 |    17 |    24 |    10 ||    61
       Pizza             |       |       |     1 |       |       ||     1
       Beef jerky        |       |       |     1 |       |       ||     1
Armor: Animal skin       |    38 |       |       |       |       ||    38
       Ring mail         |     2 |       |       |       |       ||     2
       Chain mail        |       |   239 |   324 |   136 |       ||   699
       Plate armour      |       |       |       |   185 |   236 ||   421
Dodge: Dodged            |    71 |   138 |   259 |   247 |   194 ||   909
